 Dungeon Crawl Stone Soup version 0.19.1-1-g22dce08 (webtiles) character file.

266 Fallorn the Ruffian (level 6, -6/59 HPs)
             Began as a Troll Monk on Jan 1, 2017.
             Mangled by jab2412's ghost (18 damage)
             ... on level 3 of the Dungeon.
             The game lasted 00:10:01 (2107 turns).

Fallorn the Ruffian (Troll Monk)                    Turns: 2107, Time: 00:10:02

Health: -6/59      AC:  5    Str: 20    XL:     6   Next: 0%
Magic:  5/5        EV: 11    Int:  7    God:
Gold:   156        SH:  0    Dex: 13    Spells: 0 memorised, 5 levels left

rFire  + . .     SeeInvis .       - Unarmed
rCold  . . .     Gourm    +     a - +0 robe
rNeg   . . .     Faith    .     (no shield)
rPois  .         Spirit   .     (helmet restricted)
rElec  .         Reflect  .     (no cloak)
rCorr  .         Harm     .     (gloves unavailable)
MR     .....                    (boots unavailable)
Stlth  ++........               (no amulet)
                                l - ring of protection from fire
                                f - ring of wizardry

@: drained
A: unfitting armour, claws 3, fast metabolism 3, gourmand, regeneration 1,
shaggy fur 1, tough skin 2
a: no special abilities


You were on level 3 of the Dungeon.
You were completely stuffed.

You visited 1 branch of the dungeon, and saw 3 of its levels.

You collected 156 gold pieces.

Inventory:

Hand Weapons
 e - a +0 dagger of speed
 p - a +0 club
 u - a +0 flail
 v - a +0 mace
Missiles
 w - 3 tomahawks (quivered)
Armour
 a - a +0 robe (worn)
 h - a +0 robe
Jewellery
 f - a ring of wizardry (left claw)
 l - a ring of protection from fire (right claw)
 r - an uncursed ring of flight {unknown}
Wands
 s - a wand of digging (0/24)
Scrolls
 j - a scroll of teleportation {unknown}
 m - 2 scrolls of fog {unknown}
 q - 3 scrolls of identify {unknown}
 t - a scroll of blinking {unknown}
Potions
 c - a potion of curing
 d - a potion of degeneration {unknown}
 g - a potion of ambrosia {unknown}
 i - 2 potions of brilliance {unknown}
 k - a potion of cancellation {unknown}
 o - a potion of agility {unknown}
Comestibles
 b - 10 bread rations
 n - 14 chunks of flesh


   Skills:
 + Level 2.7(2.0) Fighting
 + Level 1.0(0.3) Maces & Flails
 + Level 3.5(2.7) Dodging
 + Level 1.5(0.7) Stealth
 + Level 5.1(4.3) Unarmed Combat


You had 5 spell levels left.
You didn't know any spells.

Dungeon Overview and Level Annotations

Branches:
Dungeon (3/15)

Altars:

Annotations:
D:3 jab2412's ghost, amateur MiFi


Innate Abilities, Weirdness & Mutations

You are too large for most types of armour.
You have claws for hands.
Your metabolism is lightning-fast.
You like to eat raw meat.
Your natural rate of healing is unusually fast.
You are covered in fur. (AC +1)
You have very tough skin. (AC +2)


Message History

You feel clever.
You feel stronger.
You claw jab2412's ghost!
Jab2412's ghost is moderately damaged.
Some of the chunks of flesh in your inventory have rotted away.
You claw jab2412's ghost!
Jab2412's ghost is severely damaged.
Jab2412's ghost hits you!
You scratch jab2412's ghost but do no damage.
Jab2412's ghost is severely damaged.
Jab2412's ghost hits you.
* * * LOW HITPOINT WARNING * * *
You barely miss jab2412's ghost.
Jab2412's ghost is severely damaged.
Jab2412's ghost hits you.
* * * LOW HITPOINT WARNING * * *
The bat hits you.
* * * LOW HITPOINT WARNING * * *
The bat barely misses you. The bat closely misses you.
Jab2412's ghost hits you!!
You die...

#.....)..[.....###o.###.
##<####.####............
#.###...###.#..#.###.##
#.##........#..#.# #.##
#.##....#####..#.###.##
#.##.#..# #...)......
#.##.#..#####.###.###o.
#.....b.......# #.#


#oo ####.#@.####### #.# #.# #.W#########.# #.# #..o...)).)..###.#
##.########......# #># ##.##### #.. #.# #### #.# ## #.. .. ### # You could see
jab2412's ghost, an orc and a bat.

Vanquished Creatures
  An orc priest (D:3)
  An orc wizard (D:3)
  Natasha (thrice) (D:2)
  2 adders (D:2)
  3 worms
  5 dart slugs
  2 leopard geckos (D:1)
  9 orcs (D:3)
  8 bats
  4 giant cockroaches
  12 goblins
  7 hobgoblins
  10 jackals
  A quokka (D:2)
  3 ball pythons
  4 frilled lizards
  5 kobolds
  9 rats
89 creatures vanquished.

Notes
Turn   | Place    | Note
-------+----------+-------------------------------------------
     0 | D:1      | Fallorn the Troll Monk began the quest for the Orb.
     0 | D:1      | Reached XP level 1. HP: 22/22 MP: 0/0
   238 | D:1      | Reached XP level 2. HP: 27/29 MP: 1/1
   605 | D:1      | Reached XP level 3. HP: 36/36 MP: 2/2
  1044 | D:2      | Reached skill level 4 in Unarmed Combat
  1062 | D:2      | Noticed Natasha
  1079 | D:2      | Killed Natasha
  1079 | D:2      | Reached XP level 4. HP: 38/44 MP: 3/3
  1638 | D:2      | Noticed Natasha
  1653 | D:2      | Killed Natasha
  1653 | D:2      | Reached XP level 5. HP: 32/50 MP: 4/4
  1670 | D:2      | Noticed Natasha
  1681 | D:2      | Killed Natasha
  1909 | D:3      | Reached skill level 5 in Unarmed Combat
  2027 | D:3      | Noticed jab2412's ghost (amateur MiFi)
  2094 | D:3      | Reached skill level 1 in Maces & Flails
  2097 | D:3      | Reached XP level 6. HP: 28/59 MP: 5/5
  2107 | D:3      | Mangled by jab2412's ghost

Skill      XL: |  1  2  3  4  5 |
---------------+----------------+-----
Unarmed Combat | 4 5 |  5.1
Dodging        | 3 |  3.5
Maces & Flails | 1 |  1.0
Fighting       | |  2.7
Stealth        | |  1.5

Action                   |  1- 3 |  4- 6 || total
-------------------------+-------+-------++-------
Melee: Unarmed           |    91 |   139 ||   230
       Club              |       |    64 ||    64
       Dagger            |       |    18 ||    18
       Punch             |       |     2 ||     2
 Stab: Sleeping          |     4 |     2 ||     6
  Eat: Chunk             |    15 |    10 ||    25
Armor: Robe              |    28 |    69 ||    97
Dodge: Dodged            |    57 |   106 ||   163
